 Dungeon Crawl Stone Soup version 0.19.5 (webtiles) character file.

192 greprep the Ducker (level 5, 0/26 HPs)
             Began as a Spriggan Warper on May 2, 2017.
             Killed from afar by Natasha (3 damage)
             ... with a magic dart
             ... on level 3 of the Dungeon.
             The game lasted 00:18:29 (3497 turns).

greprep the Ducker (Spriggan Warper)                Turns: 3497, Time: 00:18:29

Health: 0/26       AC:  2    Str: 10    XL:     5   Next: 42%
Magic:  9/11       EV: 21    Int: 15    God:
Gold:   219        SH:  0    Dex: 20    Spells: 1 memorised, 9 levels left

rFire  . . .     SeeInvis +     g - +0 shortbow
rCold  . . .     Gourm    .     b - +0 robe
rNeg   . . .     Faith    .     (shield currently unavailable)
rPois  .         Spirit   .     (helmet restricted)
rElec  .         Reflect  .     (no cloak)
rCorr  .         Harm     .     (gloves unavailable)
MR     .....                    (boots unavailable)
Stlth  ++........               r - amulet of magic regeneration
                                p - +4 ring of dexterity
                                i - +3 ring of strength

@: very quick
A: unfitting armour, see invisible, herbivore 3, speed 3, slow metabolism 2
a: no special abilities


You were on level 3 of the Dungeon.
You were not hungry.

You visited 1 branch of the dungeon, and saw 3 of its levels.

You collected 219 gold pieces.

Inventory:

Hand Weapons
 a - a +0 short sword
 g - a +0 shortbow (weapon)
 h - a +1 dagger of venom
Missiles
 n - 9 arrows (quivered)
Armour
 b - a +0 robe (worn)
 k - a +0 buckler
Jewellery
 i - a +3 ring of strength (left hand)
 o - an uncursed ring of fire
 p - a +4 ring of dexterity (right hand)
 r - an amulet of magic regeneration (around neck)
Scrolls
 d - a scroll of blinking
 e - 2 scrolls of recharging
 l - a scroll of identify
 q - a scroll of teleportation {unknown}
 u - a scroll of amnesia {unknown}
 v - a scroll of magic mapping {unknown}
Potions
 m - 2 potions of agility
 s - a potion of haste {unknown}
Books
 c - a book of Spatial Translocations

   Spells                             Type                      Level
   a - Blink                          Translocation                2
   b - Shroud of Golubria             Charms/Translocation         2
   c - Lesser Beckoning               Translocation                3
   d - Portal Projectile              Translocation                3
   e - Teleport Other                 Translocation                3
   f - Passage of Golubria            Translocation                4
Comestibles
 f - 4 bread rations
 j - a fruit
 t - a royal jelly


   Skills:
 - Level 1.9 Fighting
 - Level 2.6 Short Blades
 * Level 4.0 Bows
 - Level 1.0 Throwing
 * Level 0.1 Armour
 + Level 4.8 Dodging
 * Level 0.9 Stealth
 * Level 3.6 Spellcasting
 * Level 4.8 Translocations


You had 9 spell levels left.
You knew the following spells:

 Your Spells              Type           Power        Failure   Level  Hunger
a - Blink                 Tloc           N/A          4%          2    ##.....


Dungeon Overview and Level Annotations

Branches:
Dungeon (3/15)

Altars:
Ashenzari
Elyvilon
Xom

Annotations:
D:3 Natasha


Innate Abilities, Weirdness & Mutations

You are very small and have problems with some larger weapons.
You are too small for most types of armour.
You have supernaturally acute eyesight. (SInv)
You are a herbivore.
You cover ground extremely quickly.
You need consume almost no food.


Message History

Natasha is moderately wounded.
Natasha misses you.
Firing (i - inventory):
n - 11 arrows (quivered)
Press: ? - help, Shift-Dir - straight line, f/p - Natasha
Aim: Natasha (moderately wounded)
You shoot an arrow. The arrow barely misses Natasha.
Natasha closely misses you.
Firing (i - inventory):
n - 10 arrows (quivered)
Press: ? - help, Shift-Dir - straight line, f/p - Natasha
Aim: Natasha (moderately wounded)
You shoot an arrow. The arrow barely misses Natasha.
Natasha stares at you and mumbles some strange words.
The magic dart hits you!
* * * LOW HITPOINT WARNING * * *
Casting: Blink
Confirm with . or Enter, or press ? or * to list all spells.
You blink.
Natasha casts a spell at you. The magic dart hits you!
You die...

..........# ..........#
.#.8......# ##⌠#......#####
###### ####..........##
#.(..# ...#...........##
#.####
.#..#####.......####(#
...<....#.......#..(.####
................@.h§....#
##..##..#.......##...##.#
.#..)........####....##.###
.##..#.##....#....#†.##...#
.##..#.##...##.##.#..####.#
###....#####....#.........#
....))<#####....#....######
......##.(('....+....#
......##.###....#.####


You could see Natasha.

Vanquished Creatures
  A hound (D:3)
  Jessica (D:3)
  Natasha (twice) (D:3)
  3 adders (D:3)
  A worm (D:2)
  3 leopard geckos
  An orc (D:3)
  2 giant cockroaches (D:3)
  8 goblins
  10 hobgoblins
  10 bats
  3 frilled lizards
  6 kobolds
  5 rats
56 creatures vanquished.

Notes
Turn   | Place    | Note
-------+----------+-------------------------------------------
     0 | D:1      | greprep the Spriggan Warper began the quest for the Orb.
     0 | D:1      | Reached XP level 1. HP: 10/10 MP: 5/5
   375 | D:1      | Reached XP level 2. HP: 9/14 MP: 6/6
   479 | D:1      | Learned a level 2 spell: Blink
  1807 | D:2      | Reached XP level 3. HP: 18/18 MP: 8/8
  1866 | D:2      | Found a shattered altar of Ashenzari.
  2232 | D:3      | Noticed Jessica
  2248 | D:3      | Killed Jessica
  2248 | D:3      | Reached XP level 4. HP: 16/23 MP: 9/9
  2517 | D:3      | Found a white marble altar of Elyvilon.
  2950 | D:3      | Noticed Natasha
  2957 | D:3      | Killed Natasha
  2957 | D:3      | Reached XP level 5. HP: 17/26 MP: 11/11
  3329 | D:3      | Found a shimmering altar of Xom.
  3404 | D:3      | Noticed Natasha
  3430 | D:3      | Killed Natasha
  3489 | D:3      | Noticed Natasha
  3497 | D:3      | Killed from afar by Natasha

Skill      XL: |  1  2  3  4  5 |
---------------+----------------+-----
Dodging        | 4 |  4.8
Spellcasting   | 3 |  3.6
Bows           | 2 3 4 |  4.0
Fighting       | |  1.9
Short Blades   | |  2.6
Throwing       | |  1.0
Armour         | |  0.1
Stealth        | |  0.9
Translocations | |  4.8

Action                   |  1- 3 |  4- 6 || total
-------------------------+-------+-------++-------
Melee: Short sword       |    78 |       ||    78
 Fire: Shortbow          |    49 |    97 ||   146
Throw: Tomahawk          |     5 |       ||     5
 Cast: Blink             |     3 |    14 ||    17
  Use: Scroll            |     6 |       ||     6
 Stab: Sleeping          |     1 |       ||     1
  Eat: Fruit             |       |     1 ||     1
Armor: Robe              |    10 |     6 ||    16
Dodge: Dodged            |   103 |    65 ||   168
